 Dungeon Crawl Stone Soup version 0.26-a0-690-gcb57259078 (webtiles) character file.

Game seed: 4835394023462750252

39400 Gargoyl the Fighter (level 14, -3/122 HPs)
             Began as a Gnoll Abyssal Knight on Oct 24, 2020.
             Was a High Priest of Lugonu.
             Slain by a death yak (21 damage)
             ... on level 4 of the Lair of Beasts.
             The game lasted 00:24:24 (18026 turns).

Gargoyl the Fighter (Gnoll Abyssal Knight)         Turns: 18026, Time: 00:24:25

Health: -3/122     AC: 13    Str: 18    XL:     14   Next: 6%
Magic:  25/35      EV: 18    Int: 13    God:    Lugonu [*****.]
Gold:   485        SH: 18    Dex: 22    Spells: 30/30 levels left

rFire    . . .     SeeInvis +   k - +10 broad axe "Ozuop" {vorpal, *Rage MP+9 Dex+6 SInv}
rCold    . . .     Faith    .   n - +1 kite shield
rNeg     . . .     Spirit   .   l - +3 ring mail
rPois    +         Reflect  +   d - +2 helmet
rElec    .         Harm     .   (no cloak)
rCorr    .         Rampage  .   (no gloves)
MR       +....     Rnd*Rage +   (no boots)
Stlth    ++++......             o - amulet of reflection
HPRegen  0.30/turn              e - ring of flight
MPRegen  0.24/turn              x - ring of poison resistance

@: no status effects
A: distributed training, fangs 1, dopey 1, robust 1, sturdy frame 1, strong nose
a: Depart the Abyss, Bend Space, Banish, Corrupt, Enter the Abyss, Renounce
Religion, Evoke Flight


You were on level 4 of the Lair of Beasts.
You worshipped Lugonu.
Lugonu was extremely pleased with you.
You visited 2 branches of the dungeon, and saw 16 of its levels.
You visited the Abyss 1 time.

You collected 1136 gold pieces.
You spent 651 gold pieces at shops.

Inventory:

Hand Weapons
 a - a +3 hand axe of freezing
 g - a +2 long sword of flaming
 k - the +10 broad axe "Ozuop" (weapon) {vorpal, *Rage MP+9 Dex+6 SInv}
   (You bought it in a shop on level 9 of the Dungeon)

   It inflicts extra damage upon your enemies.
   It affects your dexterity (+6).
   It affects your magic capacity (+9).
   It lets you see invisible.
   It may make you go berserk in combat.
Missiles
 t - 70 poisoned darts (quivered)
Armour
 d - a +2 helmet (worn)
 l - a +3 ring mail (worn)
 n - a +1 kite shield (worn)
Jewellery
 e - a ring of flight (left hand)
 o - an amulet of reflection (around neck)
 x - a ring of poison resistance (right hand)
 y - a +4 ring of protection {unknown}
 G - the ring "Izeh" {Wiz rF+ Int+3, unknown}
   (You found it on level 4 of the Lair of Beasts)

   [ring of wizardry]

   It improves your spell success rate.
   It affects your intelligence (+3).
   It protects you from fire.
Wands
 m - a wand of disintegration (18)
 p - a wand of paralysis (9)
 q - a wand of random effects (35)
 v - a wand of iceblast (9)
 B - a wand of enslavement (8)
 F - a wand of flame (23)
Scrolls
 c - 10 scrolls of teleportation
 f - a scroll of enchant armour
 j - 6 scrolls of remove curse
 r - 10 scrolls of identify
 C - 4 scrolls of fog
 I - a scroll of magic mapping
Potions
 b - 4 potions of brilliance
 h - 5 potions of flight
 i - a potion of heal wounds
 s - 4 potions of curing
 u - 5 potions of lignification
 w - a potion of magic
 z - a potion of resistance
 A - a potion of invisibility
 D - a potion of mutation
 E - a potion of might
 H - a potion of haste {unknown}
 J - a potion of stabbing {unknown}


   Skills:
 + Level 10.9 Fighting
 + Level 8.9 Short Blades
 + Level 8.9 Long Blades
 + Level 10.0 Axes
 + Level 8.9 Maces & Flails
 + Level 8.9 Polearms
 + Level 8.9 Staves
 + Level 8.9 Slings
 + Level 8.9 Bows
 + Level 8.9 Crossbows
 + Level 8.9 Throwing
 + Level 10.0 Armour
 + Level 9.2 Dodging
 + Level 8.9 Stealth
 + Level 8.9 Shields
 + Level 8.9 Unarmed Combat
 + Level 8.9 Spellcasting
 + Level 7.4 Conjurations
 + Level 7.4 Hexes
 + Level 7.4 Summonings
 + Level 7.4 Necromancy
 + Level 7.4 Translocations
 + Level 7.4 Transmutations
 + Level 7.4 Fire Magic
 + Level 7.4 Ice Magic
 + Level 7.4 Air Magic
 + Level 7.4 Earth Magic
 + Level 7.4 Poison Magic
 + Level 10.6 Invocations
 + Level 8.9 Evocations


You had 30 spell levels left.
You didn't know any spells.
Your spell library contained the following spells:

 Spells                   Type           Power        Failure   Level
 Animate Skeleton         Necr           ####..       1%          1
 Foxfire                  Conj/Fire      ####         1%          1
 Pain                     Necr           ####         1%          1
 Summon Small Mammal      Summ           ####         1%          1
 Call Imp                 Summ           ####....     2%          2
 Ensorcelled Hibernation  Hex/Ice        ####..       2%          2
 Call Canine Familiar     Summ           ####....     4%          3
 Confusing Touch          Hex            ####....     4%          3
 Conjure Flame            Conj/Fire      ####....     4%          3
 Gell's Gravitas          Tloc           ####......   4%          3
 Inner Flame              Hex/Fire       ####....     4%          3
 Summon Guardian Golem    Hex/Summ       ####....     4%          3
 Vampiric Draining        Necr           ####......   4%          3
 Animate Dead             Necr           ####......   17%         4
 Petrify                  Tmut/Erth      ####....     17%         4
 Sticky Flame             Conj/Fire      ####....     17%         4
 Summon Ice Beast         Ice/Summ       ####....     17%         4
 Summon Lightning Spire   Summ/Air       ####....     17%         4
 Agony                    Necr           ####....     43%         5
 Borgnjor's Vile Clutch   Necr/Erth      ####......   43%         5
 Fireball                 Conj/Fire      ####......   43%         5
 Metabolic Englaciation   Hex/Ice        ####......   43%         5
 Silence                  Hex/Air        ####......   43%         5
 Yara's Violent Unravell  Hex/Tmut       ####......   43%         5
 Shadow Creatures         Summ           N/A          95%         6


Dungeon Overview and Level Annotations

Branches:
Dungeon (10/15)            Temple (0/1) D:4            Lair (6/6) D:10
 Shoals (0/4) Lair:2       Spider (0/4) Lair:3          Orc (0/2) D:9
  Slime: Lair:5-6

Altars:
Dithmenos
Gozag
Makhleb
Trog
Uskayaw
Vehumet
Wu Jian
Xom
Yredelemnul
The Shining One

Shops:
D:5 *   D:7 }   D:9 (


Innate Abilities, Weirdness & Mutations

Your experience applies equally to all skills.
You have very sharp teeth.
Your uncanny sense of smell can sniff out nearby items.
You are dopey. (Int -2)
You are robust. (+10% HP)
Your movements are slightly less encumbered by armour. (ER -2)


Message History

You slash the death yak!
The death yak is heavily wounded.
The death yak closely misses you.
You completely miss the death yak.
The death yak is heavily wounded.
You block the death yak's attack.
You completely miss the death yak.
You bite the death yak, but do no damage.
The death yak is heavily wounded.
You block the death yak's attack.
You barely miss the death yak.
The death yak is heavily wounded.
You block the death yak's attack. The death yak misses you.
You hit the death yak. Your bite misses the death yak.
The death yak is heavily wounded.
You block the death yak's attack.
You barely miss the death yak. Your bite misses the death yak.
The death yak is heavily wounded.
The death yak gores you!!
You die...

##......#.# ##....#.#.........#
#.#....#### ##.....#..........##
##.....# ##.#...........†....#
##.....# #..P...............##
#......# ##...................#
#......# ##....>##............##
.......# ##......##.............#
.......###......Y.##..........###
........###.....@.#.#.........#
.......###P........###........#
P......# ##........##......####
......## ##.........##....P#
###...# #..........###.PP##
####.## ##......>..P##....##
.##### #(..........###....##
#.#.# ##..........####P..P##
....#######.#.........#####...###


You could see a death yak.

Vanquished Creatures
  Erolcha (D:10)
  A hydra (Lair:5)
  A catoblepas (Lair:4)
  A two-headed ogre (D:8)
  7 death yaks
  A fire crab (Lair:4)
  Pikel (D:6)
  5 elephants
  5 black mambas
  Maggie (D:6)
  4 komodo dragons
  13 cane toads
  A rime drake (Lair:3)
  4 polar bears
  18 blink frogs
  5 dream sheep (Lair:4)
  A centaur simulacrum (D:9)
  9 wyverns
  27 yaks
  A wraith (D:8)
  Eustachio (D:6)
  A steam dragon (D:8)
  3 basilisks
  Menkaure (D:6)
  6 water moccasins
  3 orc warriors
  A floating eye (Lair:5)
  A swamp drake (D:9)
  3 sky beasts
  6 black bears
  2 ice beasts
  An ogre (D:9)
  A necrophage (D:6)
  A phantom (D:2)
  7 centaurs
  29 wolves
  A lemure (D:6)
  A big kobold (D:10)
  Blork the orc (D:6)
  21 bullfrogs
  A water moccasin zombie (D:9)
  A wyvern skeleton (D:9)
  3 scorpions
  A howler monkey (D:5)
  2 lava snakes (D:7)
  A jelly (D:8)
  A bullfrog zombie (D:7)
  3 orc priests
  6 hounds
  11 orc wizards
  2 bullfrog skeletons (D:9)
  3 iguanas
  Ijyb (D:3)
  5 hell rats (Lair:4)
  5 worker ants
  A hound skeleton (D:5)
  6 gnolls
  10 adders
  2 shadow imps
  2 white imps (D:5)
  3 ufetubi
  2 oozes
  A worm (D:3)
  A dart slug (D:1)
  5 leopard geckos
  39 orcs
  2 giant cockroaches (D:7)
  6 hobgoblins
  8 jackals
  A quokka (D:9)
  6 bats
  2 frilled lizards
  6 goblins
  12 kobolds
  A leopard gecko skeleton (D:8)
  2 quokka skeletons
  5 rats (D:1)
367 creatures vanquished.

Vanquished Creatures (collateral kills)
  A water moccasin (Lair:2)
  3 wolves (Lair:2)
4 creatures vanquished.

Vanquished Creatures (others)
  A yak (Lair:3)
  9 fungi
  21 plants
31 creatures vanquished.

Grand Total: 402 creatures vanquished

Notes
Turn   | Place    | Note
-------+----------+-------------------------------------------
     0 | Abyss:1  | Gargoyl the Gnoll Abyssal Knight began the quest for the
                  | Orb.
     0 | Abyss:1  | Reached XP level 1. HP: 23/23 MP: 3/3
    66 | Abyss:2  | Noticed a ynoxinul
    84 | Abyss:2  | Noticed a fire giant skeleton
    96 | Abyss:2  | Noticed a spatial vortex
    99 | D:1      | Escaped the Abyss
   574 | D:1      | Reached XP level 2. HP: 26/29 MP: 5/5
   612 | D:1      | Reached * piety under Lugonu
   948 | D:1      | Reached XP level 3. HP: 24/35 MP: 6/6
  1376 | D:2      | Found a radiant altar of Vehumet.
  1381 | D:2      | Found a shimmering altar of Xom.
  1382 | D:2      | Found a glowing golden altar of the Shining One.
  1382 | D:2      | Found a hide-covered altar of Uskayaw.
  1385 | D:2      | Found a basalt altar of Yredelemnul.
  1391 | D:2      | Found an ornate altar of the Wu Jian Council.
  1391 | D:2      | Found a shadowy altar of Dithmenos.
  1392 | D:2      | Found a bloodstained altar of Trog.
  1413 | D:2      | Noticed a phantom
  1457 | D:2      | Killed a phantom
  1457 | D:2      | Reached skill level 1 in Short Blades
  1457 | D:2      | Reached skill level 1 in Long Blades
  1457 | D:2      | Reached skill level 1 in Maces & Flails
  1457 | D:2      | Reached skill level 1 in Polearms
  1457 | D:2      | Reached skill level 1 in Staves
  1457 | D:2      | Reached skill level 1 in Slings
  1457 | D:2      | Reached skill level 1 in Bows
  1457 | D:2      | Reached skill level 1 in Crossbows
  1457 | D:2      | Reached skill level 1 in Throwing
  1457 | D:2      | Reached skill level 1 in Stealth
  1457 | D:2      | Reached skill level 1 in Shields
  1457 | D:2      | Reached skill level 1 in Unarmed Combat
  1457 | D:2      | Reached skill level 1 in Spellcasting
  1457 | D:2      | Reached skill level 1 in Conjurations
  1457 | D:2      | Reached skill level 1 in Hexes
  1457 | D:2      | Reached skill level 1 in Summonings
  1457 | D:2      | Reached skill level 1 in Necromancy
  1457 | D:2      | Reached skill level 1 in Translocations
  1457 | D:2      | Reached skill level 1 in Transmutations
  1457 | D:2      | Reached skill level 1 in Fire Magic
  1457 | D:2      | Reached skill level 1 in Ice Magic
  1457 | D:2      | Reached skill level 1 in Air Magic
  1457 | D:2      | Reached skill level 1 in Earth Magic
  1457 | D:2      | Reached skill level 1 in Poison Magic
  1457 | D:2      | Reached skill level 1 in Evocations
  1457 | D:2      | Reached XP level 4. HP: 10/41 MP: 7/7
  1457 | D:2      | Reached XP level 5. HP: 12/47 MP: 8/8
  2555 | D:3      | Reached ** piety under Lugonu
  2609 | D:3      | Noticed Ijyb
  2625 | D:3      | Killed Ijyb
  2984 | D:3      | Found a bloodstained altar of Trog.
  3162 | D:4      | Found a burning altar of Makhleb.
  3177 | D:4      | Reached skill level 5 in Invocations
  3177 | D:4      | Reached XP level 6. HP: 35/53 MP: 9/9
  3478 | D:4      | Reached skill level 5 in Axes
  3478 | D:4      | Reached skill level 5 in Armour
  3616 | D:4      | Found a staircase to the Ecumenical Temple.
  4168 | D:5      | Entered Level 5 of the Dungeon
  4200 | D:5      | Reached XP level 7. HP: 43/59 MP: 10/10
  4359 | D:5      | Got a jewelled scale mail
  4370 | D:5      | Identified the cursed +1 scale mail of Eternity {Stlth+}
                  | (You found it on level 5 of the Dungeon)
  4381 | D:5      | Got a faintly glowing iron ring
  4383 | D:5      | Identified the ring "Ulaob" {Fire MR+ Int+4} (You found it
                  | on level 5 of the Dungeon)
  4392 | D:5      | Found Qeteugh's General Store.
  4956 | D:6      | Noticed Blork the orc
  4966 | D:6      | Killed Blork the orc
  4966 | D:6      | Reached XP level 8. HP: 45/67 MP: 12/12
  5100 | D:6      | Noticed Maggie
  5100 | D:6      | Noticed Eustachio
  5127 | D:6      | Gained mutation: You are dopey. (Int -2) [potion of
                  | mutation]
  5127 | D:6      | Gained mutation: Your movements are slightly less
                  | encumbered by armour. (ER -2) [potion of mutation]
  5127 | D:6      | Gained mutation: You are robust. (+10% HP) [potion of
                  | mutation]
  5146 | D:6      | Killed Maggie
  5412 | D:6      | Killed Eustachio
  5425 | D:6      | Noticed Pikel
  5456 | D:6      | Killed Pikel
  5456 | D:6      | Reached XP level 9. HP: 60/80 MP: 14/14
  5627 | D:6      | Found a bloodstained altar of Trog.
  6096 | D:6      | Noticed Menkaure
  6106 | D:6      | Killed Menkaure
  6106 | D:6      | Reached skill level 5 in Dodging
  6368 | D:7      | Found an opulent altar of Gozag.
  6441 | D:7      | Found Nemmas's Gadget Shoppe.
  7074 | D:7      | Reached *** piety under Lugonu
  7344 | D:8      | Found a shimmering altar of Xom.
  7775 | D:7      | Reached XP level 10. HP: 51/88 MP: 17/17
  7963 | D:7      | Reached skill level 5 in Short Blades
  7963 | D:7      | Reached skill level 5 in Long Blades
  7963 | D:7      | Reached skill level 5 in Maces & Flails
  7963 | D:7      | Reached skill level 5 in Polearms
  7963 | D:7      | Reached skill level 5 in Staves
  7963 | D:7      | Reached skill level 5 in Slings
  7963 | D:7      | Reached skill level 5 in Bows
  7963 | D:7      | Reached skill level 5 in Crossbows
  7963 | D:7      | Reached skill level 5 in Throwing
  7963 | D:7      | Reached skill level 5 in Stealth
  7963 | D:7      | Reached skill level 5 in Shields
  7963 | D:7      | Reached skill level 5 in Unarmed Combat
  7963 | D:7      | Reached skill level 5 in Spellcasting
  7963 | D:7      | Reached skill level 5 in Evocations
  8396 | D:8      | Noticed a two-headed ogre
  8414 | D:8      | Killed a two-headed ogre
  9402 | D:9      | Found Eciebir's Antique Weapon Boutique.
  9456 | D:9      | Bought a jewelled broad axe for 306 gold pieces
  9456 | D:9      | Identified the +10 broad axe "Ozuop" {vorpal, *Rage MP+9
                  | Dex+6 SInv} (You bought it in a shop on level 9 of the
                  | Dungeon)
  9965 | D:9      | Reached **** piety under Lugonu
 10151 | D:9      | Found a staircase to the Orcish Mines.
 10238 | D:9      | Reached XP level 11. HP: 95/95 MP: 19/19
 10316 | D:10     | Entered Level 10 of the Dungeon
 10456 | D:5      | Bought an uncursed ring of poison resistance for 300 gold
                  | pieces
 10456 | D:5      | Bought a scroll of teleportation for 45 gold pieces
 10584 | D:10     | Found a staircase to the Lair.
 10659 | D:10     | Reached skill level 5 in Conjurations
 10659 | D:10     | Reached skill level 5 in Hexes
 10659 | D:10     | Reached skill level 5 in Summonings
 10659 | D:10     | Reached skill level 5 in Necromancy
 10659 | D:10     | Reached skill level 5 in Translocations
 10659 | D:10     | Reached skill level 5 in Transmutations
 10659 | D:10     | Reached skill level 5 in Fire Magic
 10659 | D:10     | Reached skill level 5 in Ice Magic
 10659 | D:10     | Reached skill level 5 in Air Magic
 10659 | D:10     | Reached skill level 5 in Earth Magic
 10659 | D:10     | Reached skill level 5 in Poison Magic
 10916 | D:10     | Reached ***** piety under Lugonu
 11187 | D:10     | Noticed Erolcha
 11192 | D:10     | Killed Erolcha
 11401 | Lair:1   | Entered Level 1 of the Lair of Beasts
 11985 | Lair:1   | Reached XP level 12. HP: 100/105 MP: 22/22
 12653 | Lair:2   | Found a staircase to the Shoals.
 13630 | Lair:3   | Reached skill level 10 in Fighting
 14014 | Lair:3   | Found a hole to the Spider Nest.
 14230 | Lair:3   | Reached XP level 13. HP: 113/113 MP: 24/24
 14282 | Lair:3   | You fall into a shaft and drop 1 floor!
 14567 | Lair:4   | Reached skill level 10 in Invocations
 15926 | Lair:4   | Got a sparkling tin ring
 16661 | Lair:5   | Paralysed by a floating eye for 3 turns
 17298 | Lair:6   | Entered Level 6 of the Lair of Beasts
 17396 | Lair:5   | Reached XP level 14. HP: 79/122 MP: 26/26
 17397 | Lair:5   | Reached skill level 10 in Axes
 17397 | Lair:5   | Reached skill level 10 in Armour
 17630 | Lair:5   | HP: 3/122 [death yak (18)]
 17996 | Lair:5   | HP: 5/122 [eight-headed hydra (5)]
 18016 | Lair:4   | HP: 4/122 [death yak (7)]
 18026 | Lair:4   | Slain by a death yak

Illustrated notes

Levels and vault maps discovered:
D:1:      minmay_arrival_plants_in_alcoves, layout_basic
D:2:      layout_basic, grunt_temple_overflow_open, lemuel_crystal_altar,
          minmay_misc_feat_roman
D:3:      layout_loops_cross, trog_book, uniq_ijyb
D:4:      layout_basic, temple_hall, bloody_makhleb
D:5:      layout_rooms, serial_shops,
          nicolae_shop_temple_entry_statues_fountains, kennysheep_donut,
          kennysheep_crisscross, hangedman_minor_gate_pass
D:6:      layout_basic, trog_three_pillars_becter, uniq_pikel, uniq_menkaure,
          uniq_maggie, uniq_blork_the_orc, uniq_eustachio
D:7:      layout_cave_pods, grunt_gozag_breadcrumbs, serial_shops, shop,
          minivault_5, kennysheep_boxes
D:8:      layout_basic, xom_teletrap_fun
D:9:      layout_roguey, erik_orc_1, serial_shops, shop, st_stairs_6
D:10:     layout_loops_ring, david_lair_generic, uniq_erolcha
Lair:1:   layout_concentric_octagons, beast_lair_carwin_3
Lair:2:   layout_misc_corridors, minmay_shoals_entry_centaurs,
          grunt_forest_large_clearings, lemuel_fruit_tree
Lair:3:   layout_cave_pods, dummy_spider_entry, grunt_megastairs_4
Lair:4:   layout_cave_pods, enter_volcano_2, minmay_shattered_shrine
Lair:5:   cheibrodos_lair_river_kwai, layout_layer_cave, minivault_27,
          minivault_27, minivault_11, disabler_island
Lair:6:   grunt_lair_end_beastmaster, layout_cave_pods,
          nicolae_slime_entry_slimehenge, nicolae_quartered_pool_super,
          kennysheep_rathole, grunt_megastairs_5, serial_bayou_shore_a

Skill      XL: |  1  2  3  4  5  6  7  8  9 10 11 12 13 14 |
---------------+-------------------------------------------+-----
Short Blades   | 1 2 3 4 5 6 7 8 |  8.9
Long Blades    | 1 2 3 4 5 6 7 8 |  8.9
Maces & Flails | 1 2 3 4 5 6 7 8 |  8.9
Polearms       | 1 2 3 4 5 6 7 8 |  8.9
Staves         | 1 2 3 4 5 6 7 8 |  8.9
Slings         | 1 2 3 4 5 6 7 8 |  8.9
Bows           | 1 2 3 4 5 6 7 8 |  8.9
Crossbows      | 1 2 3 4 5 6 7 8 |  8.9
Throwing       | 1 2 3 4 5 6 7 8 |  8.9
Stealth        | 1 2 3 4 5 6 7 8 |  8.9
Shields        | 1 2 3 4 5 6 7 8 |  8.9
Unarmed Combat | 1 2 3 4 5 6 7 8 |  8.9
Spellcasting   | 1 2 3 4 5 6 7 8 |  8.9
Conjurations   | 1 2 3 4 5 6 7 |  7.4
Hexes          | 1 2 3 4 5 6 7 |  7.4
Summonings     | 1 2 3 4 5 6 7 |  7.4
Necromancy     | 1 2 3 4 5 6 7 |  7.4
Translocations | 1 2 3 4 5 6 7 |  7.4
Transmutations | 1 2 3 4 5 6 7 |  7.4
Fire Magic     | 1 2 3 4 5 6 7 |  7.4
Ice Magic      | 1 2 3 4 5 6 7 |  7.4
Air Magic      | 1 2 3 4 5 6 7 |  7.4
Earth Magic    | 1 2 3 4 5 6 7 |  7.4
Poison Magic   | 1 2 3 4 5 6 7 |  7.4
Evocations     | 1 2 3 4 5 6 7 8 |  8.9
Dodging        | 3 4 5 6 7 8 9 |  9.2
Invocations    | 5 6 7 8 9 10 | 10.6
Axes           | 5 6 7 8 9 10 | 10.0
Armour         | 5 6 7 8 9 10 | 10.0
Fighting       | 7 8 9 10 | 10.9

Action                   |  1- 3 |  4- 6 |  7- 9 | 10-12 | 13-15 || total
-------------------------+-------+-------+-------+-------+-------++-------
Melee: Hand axe          |    73 |   148 |   320 |    89 |       ||   630
       Bite              |     5 |    15 |    43 |    58 |    33 ||   154
       Punch             |       |     1 |       |       |       ||     1
       Broad axe         |       |       |       |   308 |   177 ||   485
       Long sword        |       |       |       |       |     6 ||     6
Throw: Dart              |       |       |       |    16 |       ||    16
Invok: Depart the Abyss  |     1 |       |       |       |       ||     1
       Bend Space        |       |       |       |     1 |     1 ||     2
       Banish            |       |       |       |       |     8 ||     8
  Use: Scroll            |     7 |     4 |    11 |     8 |     6 ||    36
       Potion            |       |       |     5 |       |     3 ||     8
 Stab: Sleeping          |     1 |     1 |     8 |    14 |     2 ||    26
       Distracted        |       |       |     1 |       |     1 ||     2
Armor: Leather armour    |    28 |       |       |       |       ||    28
       Ring mail         |     6 |    47 |    97 |   102 |    50 ||   302
       Scale mail        |       |       |     5 |       |       ||     5
       Skin              |       |       |     8 |       |       ||     8
Dodge: Dodged            |    51 |    66 |   120 |   236 |   134 ||   607
Block: Other             |       |    35 |     3 |       |       ||    38
       Reflection        |       |     1 |     3 |     5 |       ||     9
       Kite shield       |       |       |   215 |   428 |   199 ||   842
       Rpst.: Long sword |       |       |       |       |     3 ||     3

Table legend: (Time is in decaauts)
 A = Elapsed time spent in this place.
 B = Non-inter-level travel time spent in this place.
 C = Inter-level travel time spent in this place.
 D = Time resting spent in this place.
 E = Time spent auto-exploring this place.
 F = Levels seen in this place.
 G = Mean time per level.
                   A        B        C        D        E       F      G
               +--------+--------+--------+--------+--------+-----+--------+
         Total |  18406 |  17748 |    658 |   3127 |  11291 |  18 | 1022.6 |
       Dungeon |  11451 |  10942 |    509 |   1719 |   7107 |  10 | 1145.1 |
          Lair |   6856 |   6707 |    149 |   1408 |   4125 |   6 | 1142.7 |
         Abyss |     98 |     98 |      0 |      0 |     59 |   2 |   49.0 |
               +--------+--------+--------+--------+--------+-----+--------+

Top non-repeatable levels by time:
  Lair:5: 1734 daAuts
  Lair:4: 1581 daAuts
     D:7: 1574 daAuts
     D:9: 1562 daAuts
  Lair:3: 1403 daAuts
     D:6: 1371 daAuts
  Lair:1: 1257 daAuts
     D:1: 1223 daAuts
     D:8: 1150 daAuts
     D:2: 1124 daAuts
     D:4: 1122 daAuts
    D:10: 871 daAuts
     D:5: 839 daAuts
  Lair:2: 824 daAuts
     D:3: 611 daAuts
